 Dungeon Crawl Stone Soup version 0.25.0-9-g26727b657a (webtiles) character file.

Game seed: 5103234602562171180

560 MisterFreud the Slasher (level 7, -2/48 HPs)
             Began as an Octopode Gladiator on June 20, 2020.
             Slain by an ice beast (7 damage)
             ... on level 5 of the Dungeon.
             The game lasted 00:04:57 (5239 turns).

MisterFreud the Slasher (Octopode Gladiator)        Turns: 5239, Time: 00:04:57

Health: -2/48      AC:  1    Str: 14    XL:     7   Next: 31%
Magic:  7/7        EV: 19    Int: 18    God:
Gold:   247        SH:  0    Dex: 13    Spells: 6/6 levels left

rFire    + . .     SeeInvis .   a - +0 long sword
rCold    . . .     Gourm    .   (no shield)
rNeg     . . .     Faith    .   b - +0 hat
rPois    .         Spirit   .   (no amulet)
rElec    .         Reflect  .   f - +6 ring of intelligence
rCorr    .         Harm     .   k - ring of protection from fire
MR       .....                  l - +4 ring of evasion
Stlth    ++........             (no ring)
HPRegen  0.16/turn              (no ring)
MPRegen  0.10/turn              (no ring)
                                (no ring)
                                (no ring)

@: no status effects
A: almost no armour, stealthy swim, amphibious, 8 rings, constrict 8, camouflage
1, gelatinous body 1
a: no special abilities


You were on level 5 of the Dungeon.
You were not hungry.

You visited 2 branches of the dungeon, and saw 6 of its levels.

You collected 247 gold pieces.

Inventory:

Hand Weapons
 a - a +0 long sword (weapon)
Missiles
 c - 3 throwing nets (quivered)
Armour
 b - a +0 hat (worn)
Jewellery
 f - a +6 ring of intelligence (left tentacle)
 k - a ring of protection from fire (right tentacle)
 l - a +4 ring of evasion (on tentacle)
Wands
 t - a wand of iceblast (11)
Scrolls
 h - 3 scrolls of fear {unknown}
 i - 7 scrolls of identify {unknown}
 j - a scroll of random uselessness {unknown}
 m - a scroll of enchant armour {unknown}
 n - a scroll of blinking {unknown}
 o - a scroll of immolation {unknown}
 p - a scroll of fog {unknown}
 q - 4 scrolls of remove curse {unknown}
 r - a scroll of teleportation {unknown}
 u - a scroll of amnesia {unknown}
Potions
 e - 2 potions of flight
 g - a potion of lignification {unknown}
Comestibles
 d - 6 rations


   Skills:
 - Level 4.0 Fighting
 - Level 6.0 Long Blades
 - Level 2.0 Throwing
 + Level 5.2 Dodging


You had 6 spell levels left.
You didn't know any spells.
Your spell library was empty.

Dungeon Overview and Level Annotations

Branches:
Dungeon (5/15)             Temple (1/1) D:5

Altars:
Ashenzari
Dithmenos
Fedhas
Gozag
Hepliaklqana
Kikubaaqudgha
Makhleb
Nemelex Xobeh
Qazlal
Ru
Sif Muna
Vehumet
Wu Jian
Xom
Zin


Innate Abilities, Weirdness & Mutations

You cannot wear most types of armour.
You are very stealthy in the water. (Stealth+)
You are amphibious.
You can wear up to eight rings at the same time.
You can use your tentacles to constrict eight enemies at once.
Your skin changes colour to match your surroundings (Stealth+).
Your rubbery body absorbs attacks. (AC +1, EV +1)


Message History

The ice beast is almost dead.
You hit the ice beast but do no damage.
The ice beast is almost dead.
The ice beast misses you.
You riposte.
You hit the ice beast but do no damage.
The ice beast is almost dead.
You hit the ice beast but do no damage.
The ice beast is almost dead.
The ice beast hits you. The ice beast freezes you!
You closely miss the ice beast.
The ice beast is almost dead.
The ice beast hits you.
* * * LOW HITPOINT WARNING * * *
The ice beast freezes you!
* * * LOW HITPOINT WARNING * * *
You closely miss the ice beast. Your squeeze misses the ice beast.
The ice beast is almost dead.
The ice beast hits you.
* * * LOW HITPOINT WARNING * * *
The ice beast freezes you!
You die...

... ... ... #### #.#
.... ##.###### ....
#.......# ....
#.Y.....#
.......#......#.@.$...#
..............+.†.....#
........#.....#.......#
..............#.......#
##.....#.#....##......#
.#............##......#
.#.†..#.⌠.#...##......#
....#.......#.........#
..#...⌠.>.⌠...#.......#


You could see an ice beast.

Vanquished Creatures
  Edmund (D:4)
  3 scorpions
  A jelly (D:5)
  An orc wizard (D:4)
  2 worker ants (D:5)
  4 gnolls (D:3)
  7 adders
  3 worms
  A dart slug (D:4)
  2 leopard geckos
  3 orcs
  2 giant cockroaches
  5 goblins
  12 hobgoblins
  8 jackals
  A quokka (D:3)
  A ball python skeleton (D:4)
  10 bats
  7 frilled lizards
  10 kobolds
  A quokka zombie (D:5)
  9 rats
  A plant (D:3)
95 creatures vanquished.

Notes
Turn   | Place    | Note
-------+----------+-------------------------------------------
     0 | D:1      | MisterFreud the Octopode Gladiator began the quest for the
                  | Orb.
     0 | D:1      | Reached XP level 1. HP: 14/14 MP: 1/1
   411 | D:1      | Reached XP level 2. HP: 11/20 MP: 2/2
  1305 | D:2      | Reached XP level 3. HP: 20/26 MP: 3/3
  1875 | D:2      | Reached XP level 4. HP: 20/33 MP: 4/4
  2315 | D:3      | Reached skill level 4 in Long Blades
  2525 | D:3      | Reached XP level 5. HP: 37/37 MP: 5/5
  2711 | D:3      | Found a sacrificial altar of Ru.
  2713 | D:3      | Found a shimmering altar of Xom.
  2713 | D:3      | Found a shimmering altar of Xom.
  2719 | D:3      | Found a shimmering altar of Xom.
  2719 | D:3      | Found a shimmering blue altar of Sif Muna.
  2719 | D:3      | Found a shadowy altar of Dithmenos.
  2882 | D:3      | Found a shattered altar of Ashenzari.
  3322 | D:4      | Reached skill level 5 in Long Blades
  3695 | D:4      | Noticed Edmund
  3703 | D:4      | HP: 1/37 [Edmund/+0 vorpal flail (2)]
  4088 | D:4      | HP: 1/37 [Edmund/+0 vorpal flail (2)]
  4092 | D:4      | Killed Edmund
  4092 | D:4      | Reached skill level 6 in Long Blades
  4092 | D:4      | Reached XP level 6. HP: 3/43 MP: 6/6
  4877 | D:5      | Entered Level 5 of the Dungeon
  4887 | D:5      | Reached XP level 7. HP: 45/48 MP: 7/7
  5141 | D:5      | Found a staircase to the Ecumenical Temple.
  5146 | D:5      | Reached skill level 5 in Dodging
  5155 | Temple   | Entered the Ecumenical Temple
  5239 | D:5      | Slain by an ice beast

Illustrated notes

Levels and vault maps discovered:
D:1:      eino_arrival_tree_alley, layout_basic, minmay_tetromino_o2
D:2:      layout_loops_ring
D:3:      layout_basic, doesnt_xom_only_xom, overflow_temple_1_default,
          serial_forest, infiniplex_forest_clump_long,
          infiniplex_forest_lined_room_3, infiniplex_forest_clump_small,
          infiniplex_forest_zigzag_2, infiniplex_forest_lined_3,
          infiniplex_forest_lined_room_, infiniplex_forest_clump_double,
          infiniplex_forest_clump_double, minmay_diced_spiral
D:4:      layout_basic, uniq_edmund
D:5:      layout_gridville, lemuel_crystal_altar,
          minmay_temple_entry_sparse_star, first_ration
Temple:   minmay_temple_bridge_abc

Skill      XL: |  1  2  3  4  5  6  7 |
---------------+----------------------+-----
Fighting       | 3 4 |  4.0
Long Blades    | 4 6 |  6.0
Dodging        | 4 5 |  5.2
Throwing       | |  2.0

Action                   |  1- 3 |  4- 6 |  7- 9 || total
-------------------------+-------+-------+-------++-------
Melee: Long sword        |    64 |   122 |    21 ||   207
       Constrict         |    22 |    39 |     3 ||    64
       Tentacles         |     8 |    30 |     6 ||    44
  Use: Potion            |     2 |     1 |       ||     3
 Stab: Sleeping          |     5 |     3 |       ||     8
       Distracted        |       |     2 |       ||     2
  Eat: Chunk             |     3 |     8 |     3 ||    14
Armor: Skin              |     6 |     9 |     2 ||    17
Dodge: Dodged            |    54 |   105 |    14 ||   173
       Rpst.: Long sword |    17 |    30 |     7 ||    54
